 Dungeon Crawl Stone Soup version 0.29.1-15-g9cfb28693d (webtiles) character file.

Game seed: 13965655114138813361

109 firemarshallily the Magician (level 5, -1/40 HPs)
             Began as a Djinni Conjurer on Mar 9, 2023.
             Slain by a shadow imp (4 damage)
             ... summoned by Natasha
             ... on level 2 of the Dungeon.
             The game lasted 00:06:00 (2718 turns).

firemarshallily the Magician (Djinni Conjurer)      Turns: 2718, Time: 00:06:01

Health: -1/40      AC:  2    Str:  6    XL:     5   Next: 13%
Gold:   64         EV: 12    Int: 28    God:
                   SH:  0    Dex: 11

rFire   + + .      SeeInvis .   c - +0 short sword
rCold   x . .      Faith    .   (no shield)
rNeg    . . .      Spirit   .   a - +0 robe
rPois   ∞          Reflect  .   (helmet currently unavailable)
rElec   .          Harm     .   (no cloak)
rCorr   .          Rampage  .   (no gloves)
Will    +....                   (boots unavailable)
Stlth   ++........              (no amulet)
HPRegen 0.13/turn               b - ring of willpower
MPRegen 0.00/turn               h - +6 ring of intelligence

@: appendages, flying
A: horns 2, flying, sickness immunity, fire resistance 2, cold vulnerability 1,
float, innate caster, HP casting, extra vitality 1
a: End Transformation


You were on level 2 of the Dungeon.
You had temporarily grown beastly horns.
You visited 1 branch of the dungeon, and saw 2 of its levels.

You collected 64 gold pieces.

Inventory:

Hand Weapons
 c - a +0 short sword (weapon)
Missiles
 d - 15 stones
 l - 4 poisoned darts
Armour
 a - a +0 robe (worn)
Jewellery
 b - a ring of willpower (left hand)
 h - a +6 ring of intelligence (right hand)
Scrolls
 i - a scroll of identify {unknown}
Potions
 e - a potion of curing {unknown}
 f - a potion of degeneration {unknown}
 g - a potion of haste {unknown}
 j - a potion of lignification {unknown}
 k - a potion of ambrosia {unknown}


   Skills:
 * Level 2.9 Fighting
 - Level 2.1 Dodging
 - Level 1.5 Stealth
 * Level 4.1 Spellcasting


You couldn't memorise any spells.
You knew the following spells:

 Your Spells              Type           Power      Damage    Failure   Level
a - Magic Dart            Conj           100%       1d8       1%          1
b - Searing Ray           Conj           56%        2d6       1%          2
c - Dazzling Flash        Conj/Hex       56%        N/A       4%          3
d - Fulminant Prism       Conj/Hex       14%        3d9       14%         4
e - Iskenderun's Mystic   Conj/Tloc      28%        2d7       14%         4
f - Beastly Appendage     Tmut           56%        N/A       1%          1
g - Passwall              Tmut/Erth      23%        N/A       1%          2
Your spell library was empty.

Dungeon Overview and Level Annotations

Branches:
Dungeon (2/15)

Altars:

Annotations:
D:2 Natasha


Innate Abilities, Weirdness & Mutations

You have temporarily grown beastly horns.
You are flying.
You are immune to sickness and miasma.
You are immune to poison.
Your flesh is very heat resistant. (rF++)
You are vulnerable to cold. (rC-)
You float through the air rather than walking.
You learn spells naturally, not from books.
Your magical power is your life essence.
You have superior vitality. (+4 MHP)


Message History

Aiming: Magic Dart (safe; 1% risk of failure)
Press: ? - help, Q - select action, (/) - cycle Shift-Dir - straight line, f/p - Natasha
Aim: Natasha (lightly wounded, 100% to hit)
The magic dart hits Natasha but does no damage.
Natasha is lightly wounded.
Natasha claws you.
Casting: Magic Dart (safe; 1% risk of failure)
Confirm with . or Enter, or press ? or * to list all spells.
You grow a pair of large bovine horns.
Natasha barely misses you.
You hit Natasha. Your headbutt misses Natasha.
Natasha is moderately wounded.
Natasha completely misses you.
You barely miss Natasha. Your headbutt misses Natasha.
Natasha is moderately wounded.
Natasha casts a spell.
You closely miss Natasha. You headbutt Natasha, but do no damage.
Natasha is moderately wounded.
Natasha wildly gestures.
You feel disoriented. Natasha closely misses you.
You barely miss Natasha. Your headbutt misses Natasha.
Natasha is moderately wounded.
Natasha casts a spell at you. The magic dart hits you!
The shadow imp picks up a beetle and eats it.
The shadow imp barely misses you.
You hit Natasha but do no damage. Your headbutt misses Natasha.
Natasha is moderately wounded.
Natasha claws you. The shadow imp hits you.
* * * LOW HITPOINT WARNING * * *
You closely miss Natasha. You headbutt Natasha.
Natasha is moderately wounded.
Natasha claws you.
* * * LOW HITPOINT WARNING * * *
The shadow imp hits you.
* * * LOW HITPOINT WARNING * * *
Unknown command.
The shadow imp attacks as you move away!
The shadow imp hits you.
You die...

#...............#.#.#
#####...#####.###.#.#
###....##.# #....
####..#.#####..
##...#.. ... ###.#.#
#.#.###.# #.#h....#
#.@# #..5......
####...### ......
..... ##... #.. #.


You could see Natasha and a shadow imp (summoned).

Vanquished Creatures
  Natasha (twice) (D:2)
  2 adders (D:2)
  A worm (D:2)
  A dart slug (D:1)
  2 endoplasms (D:1)
  3 giant cockroaches (D:1)
  3 goblins (D:1)
  4 hobgoblins (D:1)
  2 quokkas (D:1)
  5 ball pythons
  3 bats
  5 kobolds
  6 rats (D:1)
39 creatures vanquished.

Notes
Turn   | Place    | Note
-------+----------+-------------------------------------------
     0 | D:1      | firemarshallily the Djinni Conjurer began the quest for the
                  | Orb.
     0 | D:1      | firemarshallily set off with the following spells
                  | memorised: Magic Dart, Searing Ray, Dazzling Flash,
                  | Fulminant Prism, Iskenderun's Mystic Blast.
     0 | D:1      | Reached XP level 1. HP: 15/15 MP: 0/0
   266 | D:1      | Reached XP level 2. HP: 18/22 MP: 0/0
   267 | D:1      | Reached skill level 1 in Fighting
   910 | D:1      | Reached XP level 3. HP: 25/27 MP: 0/0
   910 | D:1      | Learned a level 1 spell: Beastly Appendage
  1948 | D:2      | Reached XP level 4. HP: 21/33 MP: 0/0
  2083 | D:2      | Noticed Natasha
  2093 | D:2      | Killed Natasha
  2377 | D:2      | Noticed Natasha
  2382 | D:2      | Killed Natasha
  2383 | D:2      | Reached skill level 4 in Spellcasting
  2383 | D:2      | Reached XP level 5. HP: 35/40 MP: 0/0
  2383 | D:2      | Learned a level 2 spell: Passwall
  2708 | D:2      | Noticed Natasha
  2718 | D:2      | Slain by a shadow imp

Illustrated notes

Levels and vault maps discovered:
D:1:      co_arrival_hexagon_in_a_hexagon, layout_loops_corners,
          minmay_pentomino_p4
D:2:      layout_basic, uniq_natasha

Skill      XL: |  1  2  3  4 |
---------------+-------------+-----
Fighting       | 1 2 |  2.9
Spellcasting   | 4 |  4.1
Dodging        | |  2.1
Stealth        | |  1.5

Action                   |  1- 3 |  4- 6 || total
-------------------------+-------+-------++-------
Melee: Short sword       |    28 |    20 ||    48
       Headbutt          |     2 |     2 ||     4
 Cast: Magic Dart        |    57 |    17 ||    74
       Beastly Appendage |     2 |     2 ||     4
Armor: Robe              |     7 |     2 ||     9
Dodge: Dodged            |    25 |    10 ||    35
